 Dungeon Crawl Stone Soup version 0.23-a0-629-gae4348f (webtiles) character file.

61 galech the Skirmisher (level 3, 28/29 HPs)
             Began as a Demonspawn Fighter on Dec 26, 2018.
             Quit the game on level 2 of the Dungeon.
             The game lasted 00:01:02 (1200 turns).

galech the Skirmisher (Demonspawn Fighter)          Turns: 1200, Time: 00:01:03

Health: 28/29      AC:  6    Str: 16    XL:     3   Next: 83%
Magic:  3/3        EV:  7    Int:  9    God:
Gold:   103        SH:  9    Dex: 13    Spells: 2/2 levels left

rFire    . . .     SeeInvis .   a - +0 war axe
rCold    . . .     Gourm    .   c - +0 shield
rNeg     . . .     Faith    .   b - +0 scale mail
rPois    .         Spirit   .   (helmet restricted)
rElec    .         Reflect  .   (no cloak)
rCorr    .         Harm     .   (no gloves)
MR       .....                  (no boots)
Stlth    ..........             (no amulet)
HPRegen  0.09/turn              (no ring)
MPRegen  0.08/turn              (no ring)

@: no status effects
A: antennae 1, demonic guardian 1
a: no special abilities


You were on level 2 of the Dungeon.
You were not hungry.

You visited 1 branch of the dungeon, and saw 2 of its levels.

You collected 103 gold pieces.

Inventory:

Hand Weapons
 a - a +0 war axe (weapon)
Armour
 b - a +0 scale mail (worn)
 c - a +0 shield (worn)
Scrolls
 e - a scroll of remove curse {unknown}
 h - 3 scrolls of identify {unknown}
Potions
 d - 2 potions of might
 i - a potion of lignification {unknown}
Comestibles
 f - a ration
 g - 5 chunks of flesh


   Skills:
 + Level 3.3 Fighting
 + Level 2.4 Axes
 + Level 3.0 Armour
 + Level 0.3 Dodging
 + Level 3.3 Shields


You had 2 spell levels left.
You didn't know any spells.
Your spell library was empty.

Dungeon Overview and Level Annotations

Branches:
Dungeon (2/15)

Altars:


Innate Abilities, Weirdness & Mutations

You have a pair of small antennae on your head.
A weak demonic guardian rushes to your aid.


Message History

No target in view!
No target in view!
No target in view!
No target in view!
You see here a quokka corpse.
You butcher the quokka corpse.
g - 5 chunks of flesh (gained 2)
You see here a quokka skeleton.
A rat comes into view.
You closely miss the rat.
The rat bites you but does no damage. x2
You closely miss the rat. The rat bites you but does no damage.
You completely miss the rat. The rat bites you.
You slash the rat!
You kill the rat!
No target in view!
No target in view!
No target in view!
No target in view!
No target in view!
Are you sure you want to abandon this character and quit the game? (Confirm

#..........#
#.##รท########
#.#...#.#..#..
..##.........
#####.#.###.#..#.#
#####..#######
.......>. ..#..#.#
#..#
....(...#####..#.#
#..# ........# #..#.#
#..# ##### ........
#..#.#######..###....
........
#.................###
........
#@###########..###
........ #.........#
#..... #######.####
#########.###..#.#
#######.#..
#.........
......#.#.#
#.###....#
#####.#.#.# #.#
#.#### # #.#<..# #.#
#.# # #.#..<# #.# #.#
# #.#..## ### #..


There were no monsters in sight!

Vanquished Creatures
  Jessica (D:2)
  An adder (D:2)
  A worm (D:2)
  3 leopard geckos
  3 bats
  A giant cockroach (D:2)
  2 goblins (D:1)
  2 hobgoblins
  A kobold (D:1)
  A quokka (D:2)
  2 frilled lizards
  2 rats
20 creatures vanquished.

Notes
Turn   | Place    | Note
-------+----------+-------------------------------------------
     0 | D:1      | galech the Demonspawn Fighter began the quest for the Orb.
     0 | D:1      | Reached XP level 1. HP: 18/18 MP: 1/1
   277 | D:1      | Gained mutation: You have a pair of small antennae on your
                  | head. [demonic ancestry]
   277 | D:1      | Reached XP level 2. HP: 21/24 MP: 2/2
   867 | D:2      | Noticed Jessica
   885 | D:2      | Killed Jessica
   885 | D:2      | Gained mutation: A weak demonic guardian rushes to your
                  | aid. [demonic ancestry]
   885 | D:2      | Reached XP level 3. HP: 13/29 MP: 3/3
  1200 | D:2      | Quit the game

Vault maps used:
D:1:      eino_arrival_cavern_a
D:2:      uniq_robin, uniq_jessica

Skill      XL: |  1  2  3 |
---------------+----------+-----
Axes           | 2 |  2.4
Shields        | 3 |  3.3
Armour         | 3 |  3.0
Fighting       | |  3.3
Dodging        | |  0.3

Action                   || total
-------------------------++-------
Melee: War axe           ||    96
  Eat: Chunk             ||     1
Armor: Scale mail        ||    42
Dodge: Dodged            ||    25
Block: Shield            ||    52

Table legend:
 A = Non-vault XP
 B = Vault XP
 C = Vault XP percentage of total XP
 D = Non-vault monster count
 E = Vault monster count
 F = Vault count percentage of total count
                 A         B        C        D         E       F
            +---------+---------+-------+---------+---------+-------
      Total |      51 |      37 |  42.0 |      19 |       1 |   5.0
            +---------+---------+-------+---------+---------+-------
        D:1 |      20 |       0 |   0.0 |      10 |       0 |   0.0
        D:2 |      31 |      37 |  54.4 |       9 |       1 |  10.0
            +---------+---------+-------+---------+---------+-------
